 Dungeon Sprint DCSS version 0.21.1-1-g345015f (webtiles) character file.

132 Psiloshibe the Carver (level 5, -8/73 HPs)
             Began as a Barachi Berserker on June 24, 2018.
             Was a High Priest of Trog.
             Mangled by a spiny frog (23 damage)
             ... in the Dungeon (Sprint VI: "Thunderdome").
             The game lasted 00:02:43 (375 turns).

Psiloshibe the Carver (Barachi Berserker)            Turns: 375, Time: 00:02:43

Health: -8/73      AC:  6    Str: 25    XL:     5   Next: 97%
Magic:  5/5        EV: 15    Int: 11    God:    Trog [*****.]
Gold:   220        SH:  0    Dex: 21    Spells: 4/4 levels left

rFire    x . .     SeeInvis .   r - +1 trident (flame)
rCold    + . .     Gourm    .   (no shield)
rNeg     . . .     Faith    .   s - +0 ring mail
rPois    .         Spirit   .   (no helmet)
rElec    +         Reflect  .   (no cloak)
rCorr    .         Harm     .   (no gloves)
MR       ++...     NoTele   +   (no boots)
Stlth    ..........             n - amulet "Myfaafes" {MR++ Regen+}
HPRegen  0.62/turn              p - ring of Orthodoxy {Int+4 Dex+4}
MPRegen  0.09/turn              q - ring "Cuwa" {Ice -Tele +Fly rElec Dex+6}

@: berserking, lethally poisoned (-8 -> -11), very quick
A: +LOS, swims, slowness 1, strong legs 1
a: Hop, Berserk, Trog's Hand, Brothers in Arms, Burn Spellbooks, Renounce
Religion, Evoke Flight


You were in the Dungeon.
You worshipped Trog.
Trog was extremely pleased with you.
You were hungry.

You visited 1 branch You collected 400 gold pieces.
You spent 180 gold pieces at shops.

Inventory:

Hand Weapons
 a - a +0 falchion
 r - a +1 trident of flaming (weapon)
Armour
 b - a +0 animal skin
 s - a +0 ring mail (worn)
Jewellery
 n - the amulet "Myfaafes" (around neck) {MR++ Regen+}
   (You bought it in a shop in the Dungeon)

   [amulet of regeneration]

   It affects your resistance to hostile enchantments.
   It increases your rate of regeneration.
 p - the ring of Orthodoxy (left hand) {Int+4 Dex+4}
   (You bought it in a shop in the Dungeon)

   [ring of dexterity]

   It affects your intelligence (+4).
   It affects your dexterity (+4).
 q - the ring "Cuwa" (right hand) {Ice -Tele +Fly rElec Dex+6}
   (You bought it in a shop in the Dungeon)

   [ring of ice]

   It enhances your ice magic.
   It affects your dexterity (+6).
   It makes you vulnerable to fire.
   It protects you from cold.
   It insulates you from electricity.
   It lets you fly.
   It prevents most forms of teleportation.
Wands
 k - a wand of acid (5)
 l - a wand of iceblast (5)
Scrolls
 i - 4 scrolls of blinking
 m - 3 scrolls of fog
Potions
 d - a potion of curing
 e - 4 potions of heal wounds
 f - 4 potions of haste
 g - 2 potions of magic
 h - a potion of berserk rage
 j - a potion of resistance
Comestibles
 c - a ration
 o - 11 chunks of flesh


   Skills:
 + Level 8.0 Fighting
 + Level 8.5 Long Blades
 + Level 2.0 Polearms
 * Level 4.7 Throwing
 + Level 4.7 Armour
 + Level 5.3 Dodging


You had 4 spell levels left.
You didn't know any spells.

Dungeon Overview and Level Annotations

Branches:
Dungeon (1/1)

Altars:
Cheibriados
Dithmenos
Fedhas
Gozag
Kikubaaqudgha
Makhleb
Okawaru
Qazlal
Ru
Sif Muna
Trog
Uskayaw
Vehumet
Wu Jian
Xom
Yredelemnul
Zin
The Shining One
Beogh
Jiyva
Lugonu

Shops:
D *[%??*?*:[((!!!!


Innate Abilities, Weirdness & Mutations

Shadows flee at your approach. (+LOS)
You can swim through water.
You cover ground slowly.
You can hop short distances.


Message History

You hit the spiny frog. You burn the spiny frog.
The spiny frog is lightly wounded.
The spiny frog stings you!!
You are poisoned.
The spiny frog poisons you! The spiny frog closely misses you.
A red film seems to cover your vision as you go berserk!
You feel yourself moving faster!
You feel mighty!
You are feeling hungry.
You feel sick. The spiny frog barely misses you.
You barely miss the spiny frog.
The spiny frog is lightly wounded.
You feel sick. The spiny frog stings you!!
You hit the spiny frog. You burn the spiny frog.
The spiny frog is moderately wounded.
You feel sick. The spiny frog stings you!
* * * LOW HITPOINT WARNING * * *
You hit the spiny frog. You burn the spiny frog.
The spiny frog is heavily wounded.
You feel sick. The spiny frog stings you!!
You die...

#⌠..........###...###..)[......⌠
#⌠..........# #.<.# #..).......⌠
#⌠.....†÷...###...###..........⌠
##.............###.............#
###∩........8.# #.8........∩###
##∩_._......###......___∩##
######.8.........8.######
#⌠...........⌠# ###..F@.....###
#........_# #_......._#
#_......._# #∩.......∩#
##∩.....∩## ##.....## ##⌠⌠⌠##
#####


You could see a spiny frog.

Vanquished Creatures
  A bullfrog (D)
  A gnoll sergeant (D)
  A gnoll shaman (D)
  3 adders (D)
  3 gnolls (D)
  A worm (D)
  A leopard gecko (D)
  3 ball pythons (D)
  A giant cockroach (D)
  A goblin (D)
  A rat (D)
17 creatures vanquished.

Notes
Turn   | Place    | Note
-------+----------+-------------------------------------------
     0 | D        | Psiloshibe the Barachi Berserker began the quest for the Orb.
     0 | D        | Reached XP level 1. HP: 18/18 MP: 1/1
     0 | D        | Found an ancient bone altar of Kikubaaqudgha.
     0 | D        | Found an opulent altar of Gozag.
     3 | D        | Found an ornate altar of the Wu Jian Council.
     3 | D        | Found a hide-covered altar of Uskayaw.
     3 | D        | Found a sacrificial altar of Ru.
     3 | D        | Found a snail-covered altar of Cheibriados.
     4 | D        | Found a glowing golden altar of the Shining One.
     4 | D        | Found a deep blue altar of Sif Muna.
     5 | D        | Found Jaap Muwam's Delicious Food.
     5 | D        | Found a basalt altar of Yredelemnul.
     5 | D        | Found Tetoho Cais's Identification Station.
     5 | D        | Found a shimmering altar of Xom.
     5 | D        | Round 1.
     6 | D        | Found Catir's Jewellery.
     6 | D        | Found Boreo's Advanced Armour.
     6 | D        | Found a roughly hewn altar of Beogh.
     6 | D        | Found a radiant altar of Vehumet.
    16 | D        | Bought a bound zirconium amulet for 45 gold pieces
    16 | D        | Bought a faintly glowing marble ring for 45 gold pieces
    16 | D        | Bought a scorched wooden ring for 45 gold pieces
    16 | D        | Identified the amulet "Myfaafes" {MR++ Regen+} (You bought it in a shop in the Dungeon)
    17 | D        | Identified the ring of Zimy {Fire rElec Int+6 Slay-5} (You bought it in a shop in the Dungeon)
    19 | D        | Identified the ring of Orthodoxy {Int+4 Dex+4} (You bought it in a shop in the Dungeon)
    20 | D        | Bought a steaming bone ring for 45 gold pieces
    20 | D        | Identified the ring "Cuwa" {Ice -Tele +Fly rElec Dex+6} (You bought it in a shop in the Dungeon)
    30 | D        | Found Vuqil's Magic Scroll Shop.
    31 | D        | Found Jafy's Magic Scroll Shop.
    31 | D        | Found Eguniyf's Must-Have Magic.
    32 | D        | Found Ciycar's Staff Store.
    38 | D        | Found an iron altar of Okawaru.
    39 | D        | Found a corrupted altar of Lugonu.
    40 | D        | Found Vagiz's Distillery.
    41 | D        | Found Osmiyn's Distillery.
    41 | D        | Found Gauqidd's Bottled Wisdom.
    42 | D        | Found a viscous altar of Jiyva.
    42 | D        | Found a glowing silver altar of Zin.
    42 | D        | Found a shadowy altar of Dithmenos.
    42 | D        | Found Kipsallu's Do-It-Yourself Clinic.
    49 | D        | Found a blossoming altar of Fedhas.
    50 | D        | Found a bloodstained altar of Trog.
    52 | D        | Found Xaitouva's Weapon Rack.
    52 | D        | Found Oxullyph's Basic Armour.
    52 | D        | Found Ykedd's Miscellaneous Merchandise.
    53 | D        | Found a stormy altar of Qazlal.
    53 | D        | Found a burning altar of Makhleb.
    53 | D        | Found Qiucumi's Premium Goods.
   100 | D        | Reached ** piety under Trog
   137 | D        | Arena points: 12 (+12) [x2]
   137 | D        | Reached XP level 2. HP: 10/26 MP: 2/2
   176 | D        | Round 2.
   178 | D        | Noticed a gnoll sergeant
   188 | D        | Reached skill level 5 in Fighting
   188 | D        | Reached skill level 5 in Long Blades
   188 | D        | Reached skill level 1 in Throwing
   189 | D        | Reached *** piety under Trog
   189 | D        | Reached XP level 3. HP: 33/33 MP: 3/3
   195 | D        | Killed a gnoll sergeant
   195 | D        | Reached XP level 4. HP: 41/41 MP: 4/4
   226 | D        | Arena points: 48 (+36) [x3]
   226 | D        | Reached XP level 5. HP: 11/48 MP: 5/5
   283 | D        | Round 3.
   290 | D        | Reached **** piety under Trog
   327 | D        | Reached ***** piety under Trog
   327 | D        | Arena points: 132 (+84) [x4]
   343 | D        | Round 4.
   359 | D        | Reached skill level 5 in Dodging
   365 | D        | Noticed a spiny frog
   375 | D        | Mangled by a spiny frog

Skill      XL: |  1  2  3  4  5 |
---------------+----------------+-----
Fighting       | 4 5 6 7 8 |  8.0
Long Blades    | 4 5 6 7 8 |  8.5
Throwing       | 1 3 4 |  4.7
Armour         | 3 4 |  4.7
Dodging        | 3 4 5 |  5.3
Polearms       | 2 |  2.0

Action                   |  1- 3 |  4- 6 || total
-------------------------+-------+-------++-------
Melee: Falchion          |    23 |    15 ||    38
       Trident           |       |    33 ||    33
Invok: Berserk           |     1 |     1 ||     2
       Trog's Hand       |     1 |       ||     1
Armor: Animal skin       |     2 |       ||     2
       Ring mail         |       |    23 ||    23
Dodge: Dodged            |    16 |    72 ||    88
       Rpst.: Falchion   |     5 |     4 ||     9
